 Dungeon Crawl Stone Soup version 0.32-a0-630-g46d191b0ed (webtiles) character file.

Game seed: 16454235003476599914

53 backslashecho the Grasshopper (level 3, -3/31 HPs)
             Began as a Gnoll Warper on Mar 7, 2024.
             Slain by a gnoll
             ... wielding a +0 halberd
              (15 damage)
             ... on level 2 of the Dungeon.
             The game lasted 00:02:25 (749 turns).

backslashecho the Grasshopper (Gnoll Warper)         Turns: 749, Time: 00:02:25

Health: -3/31      AC:  3    Str: 10    XL:     3   Next: 89%
Magic:  9/9        EV: 13    Int: 12    God:
Gold:   56         SH:  0    Dex: 13    Spells: 12/12 levels left

rFire   . . .        l - +2 dagger (venom)
rCold   . . .        (no shield)
rNeg    . . .        b - +0 leather armour
rPois   .            (no helmet)
rElec   .            (no cloak)
rCorr   .            (no gloves)
SInv    .            (no boots)
Will    .....        (no amulet)
Stlth   +            (no ring)
HPRegen 0.25/turn    (no ring)
MPRegen 0.11/turn

%: no passive effects
@: no status effects
A: fangs 1, strong nose, distributed training
a: no special abilities


You were on level 2 of the Dungeon.
You visited 1 branch of the dungeon, and saw 2 of its levels.

You collected 56 gold pieces.

Inventory:

Hand Weapons
 a - a +0 falchion
 l - a +2 dagger of venom (weapon)
Missiles
 d - 11 darts of dispersal (quivered)
 i - 2 poisoned darts
Armour
 b - a +0 leather armour (worn)
Scrolls
 c - a scroll of blinking
 e - 3 scrolls of identify {unknown}
 f - 2 scrolls of teleportation {unknown}
 g - a scroll of butterflies {unknown}
 j - 2 scrolls of revelation {unknown}
 m - a scroll of poison {unknown}
Potions
 h - a potion of attraction {unknown}


   Skills:
 + Level 4.6 Fighting
 + Level 1.0 Short Blades
 + Level 4.6 Long Blades
 + Level 1.0 Axes
 + Level 1.0 Maces & Flails
 + Level 1.0 Polearms
 + Level 1.0 Staves
 + Level 1.0 Ranged Weapons
 + Level 2.7 Throwing
 + Level 2.7 Armour
 + Level 4.6 Dodging
 + Level 1.0 Stealth
 + Level 1.0 Shields
 + Level 1.0 Unarmed Combat
 + Level 5.0 Spellcasting
 + Level 0.7 Conjurations
 + Level 0.7 Hexes
 + Level 0.7 Summonings
 + Level 0.7 Necromancy
 + Level 5.4 Translocations
 + Level 0.7 Fire Magic
 + Level 0.7 Ice Magic
 + Level 0.7 Air Magic
 + Level 0.7 Earth Magic
 + Level 0.7 Alchemy
 + Level 1.1 Invocations
 + Level 1.0 Evocations
 + Level 0.9 Shapeshifting


You had 12 spell levels left.
You didn't know any spells.
Your spell library contained the following spells:

 Spells                   Type           Power      Damage    Failure   Level
 Blink                    Tloc           32%        N/A       4%          2
 Lesser Beckoning         Tloc           32%        N/A       4%          2
 Teleport Other           Tloc           16%        N/A       9%          3
 Manifold Assault         Tloc           16%        N/A       28%         4
 Vhi's Electric Charge    Tloc/Air       20%        N/A       58%         4


Dungeon Overview and Level Annotations

Branches:
Dungeon (2/15)

Altars:


Innate Abilities, Weirdness & Mutations

You have very sharp teeth.
Your uncanny sense of smell can sniff out nearby items.
Your experience applies equally to all skills.


Message History

You see here a scroll labelled BUBUZO HIUSETI.
m - a scroll labelled BUBUZO HIUSETI You closely miss the kobold.
The kobold misses you.
You hit the kobold.
You kill the kobold!
No target in view!
No target in view!
e - 3 scrolls labelled WEDDOY TEFO (gained 1)
Found a scroll labelled VUNGEZ HUDUPT.
Found a robe and a bubbling white potion.
A kobold comes into view. It is wielding a +0 whip.
A kobold is nearby!
A kobold is nearby!
The kobold shouts!
You hit the kobold but do no damage. The kobold closely misses you.
You barely miss the kobold. The kobold hits you with a +0 whip.
You take 1 damage, and have 26/31 hp.
You hit the kobold.
The kobold is poisoned.
The kobold is heavily wounded.
The kobold hits you with a +0 whip.
You take 2 damage, and have 24/31 hp.
You hit the kobold.
You kill the kobold!
No target in view!
k - 2 bubbling white potions (gained 1)
j - 2 scrolls labelled VUNGEZ HUDUPT (gained 1) HP restored. 3 gnolls come into view.
The gnoll shouts!
Health restored: 31
There are monsters nearby!
There are monsters nearby!
You barely miss the gnoll. You bite the gnoll, but do no damage.
The gnoll closely misses you.
You barely miss the gnoll. The gnoll hits you with a +0 whip.
You take 3 damage, and have 28/31 hp.
You hit the gnoll.
The gnoll is poisoned.
The gnoll is lightly wounded.
The gnoll hits you with a +0 whip!
You take 7 damage, and have 21/31 hp.
MASSIVE DAMAGE!!
The gnoll attacks as it pursues you! The gnoll closely misses you.
The gnoll attacks as it pursues you! The gnoll closely misses you.
The gnoll attacks as it pursues you! The gnoll misses you.
The gnoll attacks as it pursues you! The gnoll misses you.
You kill the gnoll!
The gnoll attacks as it pursues you! The gnoll barely misses you.
Your Short Blades skill increases to level 1!
Your Axes skill increases to level 1!
Your Maces & Flails skill increases to level 1!
Your Polearms skill increases to level 1!
Your Staves skill increases to level 1!
Your Ranged Weapons skill increases to level 1!
Your Stealth skill increases to level 1!
Your Shields skill increases to level 1!
Your Unarmed Combat skill increases to level 1!
Your Evocations skill increases to level 1!
Things that are here:
a +0 whip; 3 stones The gnoll attacks as it pursues you!
The gnoll misses you.
A hobgoblin comes into view.
It is wearing the +0 robe of the Ikuchi {Int+5}.
The gnoll attacks as it pursues you! The gnoll closely misses you.
The hobgoblin shouts!
The hobgoblin barely misses you. The hobgoblin completely misses you.
The hobgoblin closely misses you.
The gnoll hits you from afar with a +0 halberd!
You take 10 damage, and have 14/31 hp.
MASSIVE DAMAGE!!
The gnoll attacks as it pursues you!
The gnoll hits you from afar with a +0 halberd.
You take 1 damage, and have 14/31 hp.
It was a potion of curing.
You feel better. The hobgoblin misses you.
You regained 8 hp, and now have 22/31 hp.
You hit the hobgoblin but do no damage.
The hobgoblin is poisoned.
The gnoll misses you. The hobgoblin barely misses you.
You hit the hobgoblin.
The hobgoblin looks even sicker.
You bite the hobgoblin, but do no damage.
The hobgoblin is heavily wounded.
The gnoll misses you.
The hobgoblin hits you but does no damage.
You hit the hobgoblin.
You kill the hobgoblin!
The gnoll misses you. The gnoll hits you with a +0 halberd.
Things that are here:
the +0 robe of the Ikuchi {Int+5}; a hobgoblin corpse You take 6 damage, and have 17/31 hp.
You closely miss the gnoll. The gnoll closely misses you.
You hit the gnoll.
The gnoll is poisoned.
The gnoll is moderately wounded.
The gnoll hits you with a +0 halberd!
You take 7 damage, and have 10/31 hp.
MASSIVE DAMAGE!!
You feel better. The gnoll hits you with a +0 halberd.
You regained 2 hp, and now have 12/31 hp.
You hit the gnoll.
The gnoll looks as sick as possible!
The gnoll is heavily wounded.
The gnoll barely misses you.
You barely miss the gnoll.
The gnoll is heavily wounded.
The gnoll hits you with a +0 halberd!
You die...

..# ##.#.......
#.########.#...#..
#.##......#.###### #.#
###.#...#.. #.#
##.#....ß.. #.#
##.#........ #.#
##.#.....ß... #.#
##.#..........
#@###.#........ß..
#g##.#............
########g###.[...........
#........####.).#########
#.#####...##..#..#
............###g#
######...##..#..#
##..###...## ##.#
##.#########


You could see 2 gnolls.

Vanquished Creatures
  A gnoll (D:2)
  2 dart slugs
  2 endoplasms (D:1)
  A giant cockroach (D:1)
  5 goblins
  2 hobgoblins
  2 quokkas (D:1)
  8 ball pythons
  3 bats
  3 frilled lizards (D:1)
  5 kobolds
  4 rats (D:1)
38 creatures vanquished.

Notes
Turn   | Place    | Note
-------+----------+-------------------------------------------
     0 | D:1      | backslashecho the Gnoll Warper began the quest for the Orb.
     0 | D:1      | Reached XP level 1. HP: 20/20 MP: 6/6
    85 | D:1      | Reached XP level 2. HP: 23/26 MP: 7/7
   430 | D:1      | Reached skill level 5 in Spellcasting
   430 | D:1      | Reached XP level 3. HP: 25/31 MP: 7/9
   616 | D:2      | Reached skill level 1 in Invocations
   729 | D:2      | Reached skill level 1 in Short Blades
   729 | D:2      | Reached skill level 1 in Axes
   729 | D:2      | Reached skill level 1 in Maces & Flails
   729 | D:2      | Reached skill level 1 in Polearms
   729 | D:2      | Reached skill level 1 in Staves
   729 | D:2      | Reached skill level 1 in Ranged Weapons
   729 | D:2      | Reached skill level 1 in Stealth
   729 | D:2      | Reached skill level 1 in Shields
   729 | D:2      | Reached skill level 1 in Unarmed Combat
   729 | D:2      | Reached skill level 1 in Evocations
   732 | D:2      | Identified the +0 robe of the Ikuchi {Int+5}
   749 | D:2      | Slain by a gnoll

Illustrated notes

Levels and vault maps discovered:
D:1:      spicycebolla_arrival_xxxplode, layout_basic
D:2:      wad_pebble_path, layout_loops_ring

Skill      XL: |  1  2  3 |
---------------+----------+-----
Spellcasting   | 5 |  5.0
Invocations    | 1 |  1.1
Short Blades   | 1 |  1.0
Axes           | 1 |  1.0
Maces & Flails | 1 |  1.0
Polearms       | 1 |  1.0
Staves         | 1 |  1.0
Ranged Weapons | 1 |  1.0
Stealth        | 1 |  1.0
Shields        | 1 |  1.0
Unarmed Combat | 1 |  1.0
Evocations     | 1 |  1.0
Fighting       | |  4.6
Long Blades    | |  4.6
Throwing       | |  2.7
Armour         | |  2.7
Dodging        | |  4.6
Conjurations   | |  0.7
Hexes          | |  0.7
Summonings     | |  0.7
Necromancy     | |  0.7
Translocations | |  5.4
Fire Magic     | |  0.7
Ice Magic      | |  0.7
Air Magic      | |  0.7
Earth Magic    | |  0.7
Alchemy        | |  0.7
Shapeshifting  | |  0.9

Action                     || total
---------------------------++-------
  Melee: Falchion          ||    80
         Bite              ||    11
         Dagger            ||    16
    Use: Potion            ||     2
 Armour: Leather armour    ||    60
  Dodge: Dodged            ||    83

Table legend: (Time is in decaauts)
 A = Elapsed time spent in this place.
 B = Non-inter-level travel time spent in this place.
 C = Inter-level travel time spent in this place.
 D = Time resting spent in this place.
 E = Time spent auto-exploring this place.
 F = Levels seen in this place.
 G = Mean time per level.
                   A        B        C        D        E       F      G
               +--------+--------+--------+--------+--------+-----+--------+
         Total |    753 |    704 |     49 |      0 |    443 |   2 |  376.5 |
       Dungeon |    753 |    704 |     49 |      0 |    443 |   2 |  376.5 |
               +--------+--------+--------+--------+--------+-----+--------+

Top non-repeatable levels by time:
     D:1: 555 daAuts
     D:2: 198 daAuts
